 Dungeon Crawl Stone Soup version 0.20.0-15-g7f486f2 (console) character file.

53757 reel the Bludgeoner (level 14, -7/132 HPs)
             Began as a Minotaur Berserker on June 28, 2017.
             Was a High Priest of Trog.
             Splashed with acid (25 damage)
             ... on level 1 of the Pits of Slime on July 1, 2017.
             The game lasted 01:27:54 (19173 turns).

reel the Bludgeoner (Minotaur Berserker)           Turns: 19173, Time: 01:27:55

Health: -7/132     AC: 23    Str: 30    XL:     14   Next: 32%
Magic:  9/13       EV: 12    Int:  4    God:    Trog [*****.]
Gold:   1026       SH:  0    Dex: 11    Spells: 13/13 levels left

rFire    . . .     SeeInvis .   a - +8 dire flail (crush)
rCold    + . .     Gourm    .   (shield currently unavailable)
rNeg     . . .     Faith    .   y - +0 plate armour
rPois    .         Spirit   .   (helmet restricted)
rElec    .         Reflect  .   (no cloak)
rCorr    .         Harm     .   D - +1 pair of gloves
MR       +....                  Y - +1 pair of boots
Stlth    ..........             (no amulet)
Regen    0.4/turn               m - +4 ring of strength
MPRegen  0.2/turn               q - ring of protection from cold

@: no status effects
A: retaliatory headbutt, horns 2
a: Berserk, Trog's Hand, Brothers in Arms, Burn Spellbooks, Renounce Religion


You were on level 1 of the Pits of Slime.
You worshipped Trog.
Trog was extremely pleased with you.
You were not hungry.

You visited 3 branches of the dungeon, and saw 17 of its levels.

You collected 1026 gold pieces.

Inventory:

Hand Weapons
 a - a +8 dire flail of crushing (weapon)
 C - a +4 longbow of velocity
Missiles
 d - 406 stones (quivered)
 f - 3 curare-tipped needles
 g - 45 poisoned needles
 s - 3 needles of paralysis
 K - 4 needles of confusion
Armour
 y - a +0 plate armour (worn)
 D - a +1 pair of gloves (worn)
 Y - a +1 pair of boots (worn)
Jewellery
 m - a +4 ring of strength (left hand)
 q - a ring of protection from cold (right hand)
 W - an uncursed ring of ice
Wands
 l - a wand of confusion (32/48)
 t - a wand of iceblast (7/15)
 v - a wand of lightning (4/15)
 H - a wand of acid (11/15)
 J - a wand of confusion (34/48)
 N - a wand of flame (10/48)
 Q - a wand of flame (22/48)
 T - a wand of confusion (21/48)
Scrolls
 b - 7 scrolls of teleportation
 e - 11 scrolls of remove curse
 F - 5 scrolls of identify
 L - 4 scrolls of magic mapping
 M - a scroll of blinking
 R - a scroll of fear
 S - 2 scrolls of recharging
Potions
 h - 3 potions of mutation
 i - 3 potions of berserk rage
 j - 2 potions of ambrosia
 k - 6 potions of curing
 o - 5 potions of brilliance
 r - a potion of flight {unknown}
 u - a potion of cancellation {unknown}
 w - a potion of degeneration {unknown}
 x - 2 potions of heal wounds
 z - a potion of agility {unknown}
 B - 2 potions of might
 E - 2 potions of lignification
 I - a potion of invisibility
 V - 2 potions of haste
Comestibles
 c - 7 bread rations
 n - 7 meat rations
 p - 18 fruits
 G - 22 royal jellies


   Skills:
 + Level 14.2 Fighting
 - Level 17.5 Maces & Flails
 - Level 16.5 Armour
 + Level 8.7 Dodging


You had 13 spell levels left.
You didn't know any spells.

Dungeon Overview and Level Annotations

Branches:
Dungeon (10/15)            Temple (0/1) D:5            Lair (6/6) D:10
  Swamp (0/4) Lair:2       Spider (0/4) Lair:3        Slime (1/5) Lair:5
    Orc: D:9-12

Altars:
Dithmenos
Nemelex Xobeh
Ru
Uskayaw
Yredelemnul
Zin
Jiyva

Shops:
D:9 ?

Annotations:
D:10 lair


Innate Abilities, Weirdness & Mutations

You reflexively headbutt those who attack you in melee.
You have a pair of horns on your head.


Message History

Found two stone staircases leading down.
There is a staircase back to the Lair here.
There is a stone staircase leading down here.
An azure jelly and an eye of draining come into view.
The eye of draining turns its gaze towards you.
The azure jelly quivers.
The eye of draining gazes at you.
You feel your power leaking away.
Press: ? - help, v - describe, . - travel
Here: an eye of draining The floor.
Unknown command.
You are splashed with acid!
The wall burns you!
You are splashed with acid!
The walls burn you!
You are splashed with acid!
The walls burn you!
You are splashed with acid!
The walls burn you!
You are splashed with acid!
The walls burn you!
* * * LOW HITPOINT WARNING * * *
You are splashed with acid!
The walls burn you!
You die...

### ##..# #..#.##
....#......##
###..#....#.#.#
###.#...#........
##....#.##........
#....#..@#....#.G.
.........#........
....#.<.J........
... #..>.........
.................
.................
..##..............
. ................
.............#...
>............#...
..#..#......## ..


You could see an azure jelly.

Vanquished Creatures
  Fannar (Lair:2)
  4 hydras
  Erica (D:10)
  A catoblepas (Lair:5)
  3 two-headed ogres
  6 death yaks
  Pikel (D:8)
  An ugly thing (D:10)
  The ghost of tschems the Chopper, a novice HuFi of Okawaru (D:5)
  8 elephants
  8 black mambas
  7 spiny frogs
  7 komodo dragons
  A kobold demonologist (D:10)
  2 trolls (D:10)
  2 tyrant leeches (Lair:2)
  5 hornets
  6 polar bears
  A slime creature (D:9)
  A dream sheep (Lair:6)
  14 blink frogs
  10 hippogriffs
  The ghost of ANON1729 the Destroyer, an amateur TeCj (D:4)
  A redback (Lair:3)
  12 spriggans (Lair:6)
  49 yaks
  3 wyverns
  A human (D:7)
  A hungry ghost (D:7)
  3 fire bats
  3 basilisks
  3 hogs (D:7)
  Grum (D:10)
  Edmund (D:4)
  2 wargs (D:10)
  17 water moccasins
  7 porcupines
  2 orc warriors
  2 sky beasts (D:7)
  3 black bears
  A hornet zombie (D:7)
  A phantom (D:4)
  8 ice beasts (Lair:1)
  39 wolves
  4 boggarts (Lair:6)
  5 ogres
  2 centaurs (D:6)
  9 crocodiles
  2 big kobolds
  11 bullfrogs
  A wyvern zombie (D:6)
  A wyvern skeleton (D:7)
  4 scorpions
  28 killer bees
  3 wights (D:10)
  2 howler monkeys
  An electric eel (D:7)
  2 crimson imps
  3 bullfrog zombies
  15 jellies
  A centaur skeleton (D:5)
  3 hounds
  7 orc priests
  A bullfrog skeleton (D:6)
  5 iguanas
  7 orc wizards
  6 worker ants
  2 hound zombies (D:8)
  2 worker ant zombies
  10 adders
  4 gnolls (D:8)
  3 shadow imps
  2 adder zombies
  15 oozes
  An adder skeleton (D:7)
  2 worms (D:3)
  8 leopard geckos
  28 orcs
  7 bats
  5 giant cockroaches
  10 hobgoblins
  13 jackals
  5 quokkas
  9 frilled lizards
  8 goblins
  A jackal zombie (D:5)
  19 kobolds
  2 quokka skeletons
  A quokka zombie (D:8)
  6 rats
538 creatures vanquished.

Vanquished Creatures (collateral kills)
  A queen bee (Lair:3)
  4 killer bees (Lair:3)
5 creatures vanquished.

Vanquished Creatures (others)
  A slave (D:8)
  21 fungi
  11 plants (Lair:6)
33 creatures vanquished.

Grand Total: 576 creatures vanquished

Notes
Turn   | Place    | Note
-------+----------+-------------------------------------------
     0 | D:1      | reel the Minotaur Berserker began the quest for the Orb.
     0 | D:1      | Reached XP level 1. HP: 19/19 MP: 0/0
    99 | D:1      | Reached skill level 4 in Maces & Flails
   224 | D:1      | Reached XP level 2. HP: 18/26 MP: 1/1
   656 | D:1      | Reached skill level 5 in Maces & Flails
  1002 | D:2      | Reached XP level 3. HP: 31/31 MP: 2/2
  1372 | D:2      | Reached ** piety under Trog
  1511 | D:2      | Reached XP level 4. HP: 38/39 MP: 3/3
  1560 | D:2      | Reached skill level 6 in Maces & Flails
  1870 | D:2      | Found a glowing silver altar of Zin.
  1870 | D:2      | Found a sparkling altar of Nemelex Xobeh.
  2457 | D:3      | Found a basalt altar of Yredelemnul.
  2884 | D:3      | Reached skill level 7 in Maces & Flails
  2884 | D:3      | Reached XP level 5. HP: 40/45 MP: 4/4
  2958 | D:4      | Noticed ANON1729's ghost (amateur TeCj)
  2983 | D:4      | Killed ANON1729's ghost
  2983 | D:4      | Reached *** piety under Trog
  2983 | D:4      | Reached skill level 8 in Maces & Flails
  2983 | D:4      | Reached XP level 6. HP: 31/51 MP: 5/5
  3144 | D:4      | Noticed Edmund
  3153 | D:4      | Killed Edmund
  3153 | D:4      | Reached skill level 9 in Maces & Flails
  3383 | D:4      | Reached XP level 7. HP: 57/57 MP: 6/6
  3411 | D:4      | Found a hide-covered altar of Uskayaw.
  3417 | D:4      | Noticed a hand axe
  3418 | D:4      | Noticed a hand axe
  3429 | D:4      | Reached skill level 10 in Maces & Flails
  3975 | D:5      | Entered Level 5 of the Dungeon
  4083 | D:5      | Noticed tschems's ghost (novice HuFi)
  4096 | D:5      | Killed tschems's ghost
  4096 | D:5      | Reached skill level 12 in Maces & Flails
  4096 | D:5      | Reached XP level 8. HP: 21/64 MP: 7/7
  4710 | D:5      | Found a staircase to the Ecumenical Temple.
  4859 | D:6      | Reached skill level 13 in Maces & Flails
  5225 | D:6      | Reached XP level 9. HP: 70/70 MP: 8/8
  5548 | D:6      | Reached skill level 14 in Maces & Flails
  6355 | D:7      | Reached skill level 15 in Maces & Flails
  6423 | D:7      | Reached skill level 16 in Maces & Flails
  6627 | D:7      | Found a sacrificial altar of Ru.
  6639 | D:7      | Reached XP level 10. HP: 71/77 MP: 9/9
  7418 | D:8      | Noticed a two-headed ogre
  7419 | D:8      | Reached **** piety under Trog
  7427 | D:8      | Killed a two-headed ogre
  7427 | D:8      | Reached skill level 5 in Armour
  7431 | D:8      | Reached skill level 5 in Fighting
  7509 | D:8      | Noticed Pikel
  7520 | D:8      | Killed Pikel
  8015 | D:8      | Noticed a two-headed ogre
  8023 | D:8      | Killed a two-headed ogre
  8332 | D:9      | Noticed a two-headed ogre
  8340 | D:9      | Killed a two-headed ogre
  8358 | D:9      | Found a shadowy altar of Dithmenos.
  8383 | D:9      | Found Ragonk's Magic Scroll Emporium.
  8452 | D:9      | Reached XP level 11. HP: 89/92 MP: 10/10
  9108 | D:9      | Reached ***** piety under Trog
  9152 | D:9      | Reached skill level 10 in Armour
  9453 | D:10     | Entered Level 10 of the Dungeon
  9540 | D:10     | Noticed Grum
  9592 | D:10     | Killed Grum
  9663 | D:10     | Noticed Erica
  9748 | D:10     | Killed Erica
  9748 | D:10     | Received a gift from Trog
  9966 | D:10     | Found a staircase to the Lair.
  9980 | D:10     | Noticed a brown ugly thing
  9989 | D:10     | Killed a brown ugly thing
 10395 | Lair:1   | Entered Level 1 of the Lair of Beasts
 10904 | Lair:1   | Reached XP level 12. HP: 92/106 MP: 11/11
 10910 | Lair:1   | Reached skill level 10 in Fighting
 11292 | Lair:1   | Received a gift from Trog
 11348 | Lair:1   | Noticed an eight-headed hydra
 11359 | Lair:1   | Killed an eight-headed hydra
 12142 | Lair:2   | Noticed an eight-headed hydra
 12152 | Lair:2   | Killed an eight-headed hydra
 12152 | Lair:2   | Reached skill level 17 in Maces & Flails
 12520 | Lair:2   | Noticed a four-headed hydra
 12535 | Lair:2   | Killed a four-headed hydra
 12688 | Lair:2   | Noticed Fannar
 12712 | Lair:2   | Killed Fannar
 12932 | Lair:2   | Reached skill level 15 in Armour
 13089 | Lair:2   | Found a staircase to the Swamp.
 13396 | Lair:3   | Noticed a death yak
 13406 | Lair:3   | Killed a death yak
 13411 | Lair:3   | Noticed a death yak
 13414 | Lair:3   | Noticed a death yak
 13414 | Lair:3   | Noticed a death yak
 13423 | Lair:3   | Noticed a death yak
 13424 | Lair:3   | Killed a death yak
 13431 | Lair:3   | Killed a death yak
 13431 | Lair:3   | Reached XP level 13. HP: 114/114 MP: 12/12
 14224 | Lair:3   | Found a hole to the Spider Nest.
 15162 | Lair:4   | Received a gift from Trog
 16470 | Lair:5   | Found a runed door.
 16470 | Lair:5   | Found a viscous altar of Jiyva.
 16470 | Lair:5   | Found a staircase to the Slime Pits.
 16682 | Lair:5   | Reached skill level 5 in Dodging
 16883 | Lair:6   | Entered Level 6 of the Lair of Beasts
 17831 | Lair:6   | Received a gift from Trog
 17894 | Lair:6   | Reached XP level 14. HP: 109/129 MP: 13/13
 19163 | Slime:1  | Entered Level 1 of the Pits of Slime
 19167 | Slime:1  | Noticed an azure jelly
 19173 | Slime:1  | Splashed with acid

Skill      XL: |  1  2  3  4  5  6  7  8  9 10 11 12 13 14 |
---------------+-------------------------------------------+-----
Maces & Flails | 4 5 7 8 9 12 13 16 17 | 17.5
Armour         | 9 13 15 16 | 16.5
Fighting       | 7 9 10 13 14 | 14.2
Dodging        | 6 8 |  8.7

Action                   |  1- 3 |  4- 6 |  7- 9 | 10-12 | 13-15 || total
-------------------------+-------+-------+-------+-------+-------++-------
Melee: Mace              |    81 |   108 |       |       |       ||   189
       Headbutt          |    10 |    16 |    34 |   102 |    98 ||   260
       Dire flail        |       |     2 |   199 |   507 |   440 ||  1148
       Great mace        |       |       |       |    13 |       ||    13
Throw: Stone             |       |       |    18 |    20 |     4 ||    42
Invok: Berserk           |     1 |     1 |     3 |    11 |    12 ||    28
       Trog's Hand       |       |     1 |       |     1 |       ||     2
       Burn Spellbooks   |       |       |       |       |     3 ||     3
       Brothers in Arms  |       |       |       |       |     1 ||     1
  Use: Scroll            |     4 |     2 |     4 |     8 |     7 ||    25
       Potion            |       |       |       |       |     2 ||     2
 Stab: Sleeping          |     2 |       |       |       |       ||     2
  Eat: Chunk             |     3 |     7 |    13 |    28 |    14 ||    65
       Bread ration      |       |       |       |     1 |     4 ||     5
Armor: Animal skin       |     9 |       |       |       |       ||     9
       Scale mail        |    14 |    40 |    19 |       |       ||    73
       Plate armour      |       |       |    44 |   226 |   197 ||   467
Dodge: Dodged            |    43 |    42 |    43 |   161 |   169 ||   458
